 Dungeon Crawl Stone Soup version 0.28-a0-991-g956f0ee3d5 (webtiles) character file.

Game seed: 18158361602172208417

59 tilp the Chiller (level 3, 0/14 HPs)
             Began as a Felid Ice Elementalist on Dec 4, 2021.
             Slain by a centaur (7 damage)
             ... on level 6 of the Dungeon.
             The game lasted 00:03:50 (3045 turns).

tilp the Chiller (Felid Ice Elementalist)           Turns: 3045, Time: 00:03:50

Health: 0/14       AC:  1    Str:  4    XL:     3   Next: 78%
Magic:  6/8        EV: 17    Int: 18    God:
Gold:   42         SH:  0    Dex: 16    Spells: 3/7 levels left
                                        Lives:  0   Deaths: 1

rFire   . . .      SeeInvis +     - Unarmed
rCold   . . .      Faith    .   (shield unavailable)
rNeg    . . .      Spirit   .   (armour unavailable)
rPois   .          Reflect  .   (helmet unavailable)
rElec   .          Harm     .   (cloak unavailable)
rCorr   .          Rampage  .   (gloves unavailable)
Will    +....                   (boots unavailable)
Stlth   ++........              (no amulet)
HPRegen 0.04/turn               c - ring of willpower
MPRegen 0.11/turn               (no ring)

@: quick
A: very small, claws 1, fangs 3, see invisible, speed 1, shaggy fur 1, stealthy
paws, no weapons or thrown items, no armour, multi-lived
a: no special abilities


You were on level 6 of the Dungeon.
You visited 1 branch of the dungeon, and saw 4 of its levels.

You collected 81 gold pieces.
You spent 39 gold pieces at shops.

Inventory:

Jewellery
 b - an amulet of guardian spirit
 c - a ring of willpower (left paw)
Scrolls
 a - a scroll of summoning {unknown}
 f - 2 scrolls of teleportation
Potions
 d - a potion of heal wounds
 e - a potion of lignification
 g - a potion of resistance
 i - a potion of curing {unknown}


   Skills:
 - Level 2.6 Dodging
 - Level 2.6 Stealth
 - Level 2.0 Unarmed Combat
 + Level 2.8 Spellcasting
 * Level 4.7 Ice Magic


You had 3 spell levels left.
You knew the following spells:

 Your Spells              Type           Power      Damage    Failure   Level
a - Freeze                Ice            76%        1d9       2%          1
b - Frozen Ramparts       Ice            38%        1d5       7%          3

Your spell library contained the following spells:

 Spells                   Type           Power      Damage    Failure   Level
 Ozocubu's Armour         Ice            19%        N/A       7%          3
 Slow                     Hex            8%         N/A       17%         1
 Confusing Touch          Hex            2%         N/A       45%         3
 Hailstorm                Conj/Ice       11%        3d5       52%         4
 Ice Form                 Ice/Tmut       11%        N/A       52%         4
 Freezing Cloud           Conj/Ice/Air   4%         6-21      94%         5
 Yara's Violent Unravell  Hex/Tmut       1%         3d3       99%         5
 Lehudib's Crystal Spear  Conj/Erth      1%         10d2      100%        8


Dungeon Overview and Level Annotations

Branches:
Dungeon (3/15)

Altars:

Shops:
D:1 ?


Innate Abilities, Weirdness & Mutations

You have sharp claws.
You have razor-sharp teeth.
You have supernaturally acute eyesight. (SInv)
You cover ground quickly. (Speed+)
You are covered in fur. (AC +1)
Your paws help you pounce on unaware monsters.
You are incapable of wielding weapons or throwing items.
You cannot wear armour.
You gain extra lives every three experience levels.


Message History

You freeze the orc priest.
The orc priest is almost dead.
The wall freezes the orc.
The wall freezes the orc priest.
The orc priest calls down the wrath of Beogh upon you.
Beogh smites you!
Ouch! That really hurt!
You die...
You are now level 3!
You rejoin the land of the living...
Found 14 bolts.
A sudden malevolence fills the Dungeon...
You fall into a shaft and drop 3 floors!
The shaft crumbles and collapses.
You now have 42 gold pieces (gained 15).
Okay, then.
A centaur comes into view.
The helpless centaur fails to defend itself.
You scratch the centaur.
The centaur is moderately wounded.
The centaur closely misses you. x2
Unknown command.
Casting: Freeze (safe; 2% risk of failure)
Confirm with . or Enter, or press ? or * to list all spells.
Aiming: Freeze (safe; 2% risk of failure)
Press: ? - help, Shift-Dir - straight line, f - centaur
Aim: a centaur, quivering arrows (moderately wounded)
You freeze the centaur!
The centaur is severely wounded.
The centaur hits you. The centaur kicks you.
Unknown command.
Casting: Freeze (safe; 2% risk of failure)
Confirm with . or Enter, or press ? or * to list all spells.
Aiming: Freeze (safe; 2% risk of failure)
Press: ? - help, Shift-Dir - straight line, f/p - centaur
Aim: a centaur, quivering arrows (severely wounded)
You freeze the centaur.
The centaur is almost dead.
The centaur hits you!
Ouch! That really hurt!
You die...

.# .###.
#.....
#######......
...........
#c.....#
#.@....##..
###........
#..........
#...#......
#...........
#...###.....
##### #....
.... ...


You could see a centaur.

Vanquished Creatures
  An orc priest (D:3)
  2 gnolls (D:3)
  An adder (D:2)
  A dart slug (D:2)
  An orc (D:3)
  4 ball pythons
  6 endoplasms
  2 giant cockroaches
  5 goblins
  6 hobgoblins
  3 jackals
  4 quokkas
  10 bats
  5 frilled lizards
  2 kobolds (D:1)
  6 rats
59 creatures vanquished.

Notes
Turn   | Place    | Note
-------+----------+-------------------------------------------
     0 | D:1      | tilp the Felid Ice Elementalist began the quest for the
                  | Orb.
     0 | D:1      | Reached XP level 1. HP: 7/7 MP: 4/4
    44 | D:1      | Reached skill level 1 in Unarmed Combat
   220 | D:1      | Got the Catalogue of Ice and Stones
   264 | D:1      | Reached XP level 2. HP: 11/11 MP: 4/6
   723 | D:1      | Found Gatun's Magic Scroll Shoppe.
  1416 | D:1      | Reached XP level 3. HP: 14/14 MP: 7/7
  1420 | D:1      | Learned a level 3 spell: Frozen Ramparts
  1606 | D:2      | Reached skill level 4 in Ice Magic
  1814 | D:1      | Bought a scroll of teleportation for 39 gold pieces
  1916 | D:2      | Found a faded altar of an unknown god.
  2641 | D:3      | Reached XP level 4. HP: 8/18 MP: 4/8
  3037 | D:3      | Killed from afar by an orc priest
  3038 | D:3      | Reached XP level 3. HP: -8/14 MP: 1/8
  3038 | D:3      | You fall into a shaft and drop 3 floors!
  3040 | D:6      | Noticed a centaur
  3045 | D:6      | Slain by a centaur

Illustrated notes

Levels and vault maps discovered:
D:1:      arrival_zaba_pyramid, layout_basic, serial_shops,
          nicolae_shop_hallway_plus
D:2:      layout_rooms, hellmonk_ecumenical_altar_heavens_door
D:3:      layout_basic, uniq_crazy_yiuf_cottage
D:6:      layout_cave_pools, nrook_pool_corridor, kennysheep_donut, uniq_grinder

Skill      XL: |  1  2  3 |
---------------+----------+-----
Unarmed Combat | 1 2 |  2.0
Ice Magic      | 4 |  4.7
Dodging        | |  2.6
Stealth        | |  2.6
Spellcasting   | |  2.8

Action                   |  1- 3 |  4- 6 || total
-------------------------+-------+-------++-------
Melee: Unarmed           |    39 |     4 ||    43
       Bite              |     2 |     1 ||     3
 Cast: Freeze            |    49 |     7 ||    56
       Frozen Ramparts   |     1 |     1 ||     2
  Use: Scroll            |     5 |       ||     5
 Stab: Sleeping          |    17 |     1 ||    18
Armor: Skin              |     5 |       ||     5
Dodge: Dodged            |    59 |     5 ||    64

Table legend: (Time is in decaauts)
 A = Elapsed time spent in this place.
 B = Non-inter-level travel time spent in this place.
 C = Inter-level travel time spent in this place.
 D = Time resting spent in this place.
 E = Time spent auto-exploring this place.
 F = Levels seen in this place.
 G = Mean time per level.
                   A        B        C        D        E       F      G
               +--------+--------+--------+--------+--------+-----+--------+
         Total |   2738 |   2612 |    126 |    777 |   1473 |   4 |  684.5 |
       Dungeon |   2738 |   2612 |    126 |    777 |   1473 |   4 |  684.5 |
               +--------+--------+--------+--------+--------+-----+--------+

Top non-repeatable levels by time:
     D:1: 1449 daAuts
     D:2: 994 daAuts
     D:3: 289 daAuts
     D:6: 5 daAuts
